Map: Lerilak Crest

Players

Mystis

  • Race: Zerg Zerg
  • League: Gold

capac - Winner!

  • Race: Terran Terran
  • League: Gold

VOD

Have the link to the VOD?

Description

Time

  • Played on: March 7, 2016, 1:57 p.m.
  • Length: 13:02
Show
View Real Time Build Order
Export as new Build Order

Mystis Zerg 

Build Orders: Hatch First 

Get SALT Encoding   

  12  0:01  Drone  
  13  0:12  Overlord  
  13  0:20  Drone  
  14  0:31  Drone x2  
  16  0:41  Drone  
  17  0:47  Drone  
  18  1:02  Hatchery  
  17  1:12  Spawning Pool  
  17  1:14  Extractor  
  17  1:18  Drone x2  
  17  1:24  Drone  
  18  1:40  Drone  
  18  1:41  Overlord  
  19  1:53  Drone  
  20  1:59  Queen  
  22  2:03  Zergling x2  
  23  2:14  Drone  
  24  2:26  Zergling x6  
  27  2:36  Zergling x2  
  28  2:40  Queen  
  30  2:45  Metabolic Boost  
  30  2:48  Drone  
  30  2:49  Overlord, Drone  
  32  3:20  Zergling x6  
  32  3:21  Zergling x8  
  32  3:26  Overlord  
  39  3:36  Overlord  
  39  4:02  Baneling Nest  
  38  4:04  Spore Crawler  
  38  4:06  Spore Crawler  
  38  4:07  Zergling x8  
  29  4:34  Drone  
  30  4:39  Queen  
  30  4:41  Drone x2  
  30  4:42  Drone  
  35  4:52  Hatchery  
  34  5:05  Zergling x2  
  34  5:06  Zergling x14, Roach Warren  
  41  5:09  Baneling  
  41  5:10  Baneling x4  
  41  5:11  Burrow  
  41  5:23  Drone x2  
  41  5:24  Drone  
  44  5:30  Drone  
  44  6:02  Drone x4  
  44  6:03  Drone  
  49  6:10  Queen  
  48  6:28  Baneling x2  
  48  6:31  Roach  
  50  6:33  Overlord x3  
  50  6:44  Overlord x3  
  50  6:56  Roach x4  
  50  6:57  Roach x3  
  64  7:17  Extractor  
  64  7:18  Drone  
  64  7:21  Spore Crawler  
  64  7:22  Lair  
  63  7:24  Queen  
  65  7:32  Evolution Chamber  
  65  7:33  Drone x3  
  65  7:34  Drone x3  
  65  7:35  Drone x3  
  65  7:36  Drone  
  74  7:42  Hatchery  
  73  7:44  Overlord  
  73  7:52  Drone x2  
  73  7:55  Extractor, Drone  
  73  7:56  Drone x3  
  73  7:57  Extractor  
  77  8:09  Drone x2  
  77  8:10  Drone x2  
  81  8:22  Roach x3  
  87  8:32  Roach  
  87  8:33  Roach x4  
  97  8:44  Drone  
  91  8:57  Queen  
  91  9:02  Zerg Missile Weapons Level 1  
  93  9:07  Evolution Chamber  
  92  9:16  Roach  
  92  9:17  Roach x5  
  104  9:18  Overlord x3  
  104  9:22  Glial Reconstitution  
  104  9:23  Centrifical Hooks  
  104  9:25  Hydralisk Den  
  104  9:28  Spine Crawler  
  102  9:35  Extractor  
  102  9:36  Extractor  
  100  9:41  Roach  
  100  9:42  Roach x8  
  100  9:45  Queen  
  116  10:11  Ravager x3  
  116  10:12  Ravager x2  
  116  10:13  Zergling x16  
  127  10:15  Overlord x3  
  127  10:27  Overlord  
  127  10:32  Queen  
  122  10:57  Zergling x2  
  122  10:58  Zergling x32  
  122  11:03  Overseer  
  136  11:07  Pneumatized Carapace  
  136  11:09  Hydralisk  
  136  11:10  Hydralisk x2  
  142  11:16  Drone  
  132  11:45  Baneling x5  
  132  11:46  Baneling x11  
  130  11:47  Hydralisk x3  
  130  11:49  Overlord x2  
  130  11:50  Overlord x3  
  63  12:24  Roach  
  63  12:25  Roach x5  
  57  12:39  Roach  
  57  12:40  Roach x8  
  75  12:47  Overseer  
  75  12:48  Overseer  
Show
View Real Time Build Order
Export as new Build Order

capac Terran - Winner!

Build Orders: MMM Bio 

Get SALT Encoding   

  12  0:01  SCV  
  13  0:14  SCV  
  14  0:18  Supply Depot  
  14  0:26  SCV  
  15  0:39  SCV  
  15  0:41  Barracks  
  16  0:46  Refinery  
  16  0:52  SCV  
  17  1:04  SCV  
  18  1:16  SCV  
  19  1:28  SCV  
  20  1:35  Command Center  
  20  1:40  SCV  
  20  1:41  Barracks Reactor  
  21  1:52  Orbital Command  
  21  2:04  Supply Depot  
  21  2:17  Marine x2  
  23  2:25  SCV  
  24  2:31  Barracks  
  24  2:35  Factory  
  24  2:37  Marine  
  24  2:38  Marine, SCV  
  27  3:00  Marine x2  
  27  3:03  SCV  
  29  3:12  Orbital Command  
  29  3:13  Bunker  
  29  3:16  SCV  
  29  3:18  Marine x2  
  32  3:20  Barracks Tech Lab  
  32  3:27  Factory Tech Lab  
  32  3:28  Starport  
  32  3:36  Refinery  
  32  3:40  Barracks  
  32  3:47  SCV  
  32  3:48  SCV  
  34  3:50  Marine x2  
  36  4:00  SCV x2  
  36  4:01  Marine  
  39  4:07  Marine, Medivac  
  40  4:25  SCV x2  
  42  4:37  SCV  
  42  4:38  Barracks Reactor  
  43  4:39  Siege Tank  
  43  4:40  Supply Depot  
  46  4:49  Supply Depot  
  46  4:56  Bunker  
  46  5:01  SCV x2  
  46  5:04  Starport Reactor  
  48  5:09  Refinery  
  48  5:14  SCV x2  
  50  5:16  Engineering Bay  
  50  5:23  Marine x2  
  50  5:26  SCV x2  
  54  5:38  SCV x2  
  54  5:39  Supply Depot  
  56  5:46  Marine x3  
  59  5:50  SCV x2  
  59  5:53  Supply Depot  
  61  5:59  Stimpack  
  61  6:01  Medivac x2  
  65  6:04  Marine x3  
  65  6:05  SCV x2  
  70  6:13  Refinery  
  70  6:22  Marine  
  70  6:23  Marine x4  
  75  6:29  Missile Turret  
  75  6:37  SCV x2  
  77  6:42  Marine  
  77  6:46  Supply Depot  
  78  6:49  Terran Infantry Weapons Level 1, Marine x4  
  78  6:50  Supply Depot, Siege Tank  
  85  6:54  Engineering Bay  
  85  7:02  Barracks  
  85  7:03  Barracks  
  85  7:15  Supply Depot  
  85  7:17  Marine x4  
  85  7:21  Liberator x2, Command Center  
  85  7:22  Supply Depot  
  89  7:34  SCV x2  
  91  7:37  Siege Tank  
  91  7:40  Marine  
  91  7:41  Marine x3  
  91  7:42  Marine  
  105  7:46  SCV  
  105  7:47  Supply Depot  
  105  8:11  Barracks Reactor  
  105  8:12  Barracks Reactor  
  105  8:16  Supply Depot  
  105  8:21  Starport  
  105  8:35  Orbital Command  
  93  9:01  Marine x6  
  93  9:02  Marine x3  
  98  9:06  Starport Reactor  
  98  9:08  Medivac  
  98  9:09  Medivac  
  102  9:13  Siege Tank  
  105  9:18  Marine  
  105  9:19  Supply Depot, Terran Infantry Armor Level 1, Marine x4, Armory  
  110  9:35  Marine x4  
  110  9:36  Combat Shields  
  110  9:37  Liberator x2  
  114  9:55  Medivac x2  
  121  10:33  Marine x3  
  121  10:34  Marine x3  
  125  10:42  Marine x3, Liberator  
  128  10:43  Liberator x3  
  125  10:51  Marine x2  
  125  10:54  Marine x4  
  130  10:57  Supply Depot  
  130  10:59  Marine  
  130  11:00  Marine  
  144  11:18  Supply Depot  
  144  11:21  Factory, Siege Tank  
  144  11:22  Marine  
  144  11:23  Marine x5  
  152  11:46  Orbital Command  
  136  12:22  Marine x4  
  136  12:23  Marine x3  
Tags
 
Composition
MMM Bio
League
GoldGold
Matchup
TvZ
Add a new tag
Caveats
  • Supply blocks, unpowered buildings, or Contaminate may cause inaccurate times.
  • Supply counts are checked every 10 seconds.